[ AOE2 MATCH · #501402494 ]
UnrankedBohemians vs Poles
Player's team · WIN
Rival team · LOSS
[ REPLAY ANALYSIS · EXTRACTED FROM THE RECORDED GAME ]
Feudal
11:23
Castle
20:20
Imperial
—
| APM avg | 62.2 |
| APM peak | 114 |
| eAPM avg | 30.1 |
| Villagers / military | 46 / 29 |
Focus
⚔️ 43.3% · 🌾 56.7%
Archer ×21 · Militia ×4 · Spearman ×3 · Monk ×1
Feudal
8:51
Castle
—
Imperial
—
| APM avg | 59.8 |
| APM peak | 116 |
| eAPM avg | 20.9 |
| Villagers / military | 50 / 21 |
Focus
⚔️ 29.3% · 🌾 70.7%
Scout Cavalry ×11 · Archer ×10
Match map
Initial resources + every placement click. Lines = walls · curves = elevation contours. ◆ gold · ⬟ stone · ● berries · ✦ relic · ◌ wall gap
Your base· ✓ Closed at 20:20 · 48t walls · 2 gate(s)
shy_Ri's base· Open — opponent sealed themselves in
Smoothed initial terrain · ◌ = detected wall gap · hover for details
Inputs per minute
— Dimo - - shy_Ri
Build order — Dimo
First 150 of 155 actions detected
| 0:01 | Create | Villager (Male) |
| 0:02 | Create | Villager (Male) |
| 0:02 | Build | House |
| 0:02 | Create | Villager (Male) |
| 0:05 | Build | House |
| 0:10 | Create | Villager (Male) |
| 1:25 | Create | Villager (Male) |
| 2:01 | Create | Villager (Male) |
| 2:01 | Create | Villager (Male) |
| 2:19 | Create | Villager (Male) |
| 2:49 | Create | Villager (Male) |
| 2:57 | Build | Lumber Camp |
| 2:59 | Build | Lumber Camp |
| 3:03 | Create | Villager (Male) |
| 3:36 | Create | Villager (Male) |
| 3:36 | Create | Villager (Male) |
| 3:50 | Build | House |
| 4:04 | Create | Villager (Male) |
| 4:30 | Create | Villager (Male) |
| 4:31 | Create | Villager (Male) |
| 4:35 | Build | Barracks |
| 4:51 | Create | Villager (Male) |
| 5:12 | Create | Villager (Male) |
| 5:19 | Build | House |
| 5:22 | Build | House |
| 5:22 | Build | Palisade Wall |
| 5:30 | Create | Militia |
| 5:30 | Create | Militia |
| 5:42 | Create | Militia |
| 5:48 | Create | Villager (Male) |
| 5:48 | Create | Villager (Male) |
| 6:06 | Build | House |
| 6:10 | Create | Villager (Male) |
| 6:11 | Create | Militia |
| 6:20 | Build | Palisade Wall |
| 6:33 | Create | Villager (Male) |
| 6:42 | Create | Villager (Male) |
| 6:56 | Build | Mill |
| 7:20 | Create | Villager (Male) |
| 7:41 | Build | Palisade Wall |
| 7:47 | Create | Villager (Male) |
| 8:21 | Create | Villager (Male) |
| 8:28 | Create | Villager (Male) |
| 8:51 | Build | House |
| 9:08 | Research | Feudal Age |
| 9:08 | Research | Feudal Age |
| 9:15 | Research | Loom |
| 9:34 | Build | Palisade Wall |
| 9:39 | Build | House |
| 9:46 | Build | Palisade Wall |
| 10:20 | Create | Villager (Male) |
| 10:42 | Build | House |
| 10:49 | Build | Palisade Wall |
| 10:57 | Build | Palisade Gate |
| 10:59 | Build | House |
| 11:23 | Age | Feudal Age |
| 11:26 | Research | Double-Bit Axe |
| 11:28 | Research | Horse Collar |
| 11:29 | Create | Spearman |
| 11:35 | Build | House |
| 11:38 | Build | Farm |
| 11:39 | Build | Farm |
| 11:40 | Build | Farm |
| 11:49 | Create | Villager (Male) |
| 11:52 | Create | Villager (Male) |
| 11:53 | Build | Farm |
| 11:54 | Build | Farm |
| 11:56 | Build | Farm |
| 11:58 | Build | Farm |
| 12:03 | Create | Villager (Male) |
| 12:22 | Build | Farm |
| 12:27 | Build | Mining Camp |
| 12:43 | Create | Spearman |
| 12:57 | Build | Farm |
| 13:18 | Create | Villager (Male) |
| 13:35 | Build | Palisade Wall |
| 13:39 | Create | Villager (Male) |
| 13:53 | Build | Archery Range |
| 14:04 | Create | Villager (Male) |
| 14:17 | Build | Palisade Wall |
| 14:18 | Build | Palisade Wall |
| 14:24 | Build | Palisade Gate |
| 14:26 | Build | Palisade Wall |
| 14:38 | Create | Villager (Male) |
| 14:44 | Build | Archery Range |
| 14:47 | Build | Archery Range |
| 14:53 | Build | Archery Range |
| 14:57 | Create | Villager (Male) |
| 15:08 | Build | Farm |
| 15:20 | Build | Farm |
| 15:33 | Create | Villager (Male) |
| 15:37 | Create | Villager (Male) |
| 15:51 | Build | Lumber Camp |
| 15:58 | Create | Archer |
| 15:59 | Create | Villager (Male) |
| 16:01 | Create | Archer |
| 16:15 | Build | Blacksmith |
| 16:18 | Build | House |
| 16:29 | Build | Farm |
| 16:40 | Create | Archer |
| 16:41 | Create | Archer |
| 16:42 | Create | Villager (Male) |
| 16:45 | Build | House |
| 16:50 | Build | House |
| 17:00 | Research | Fletching |
| 17:00 | Research | Fletching |
| 17:02 | Create | Archer |
| 17:02 | Create | Archer |
| 17:12 | Build | Farm |
| 17:14 | Build | House |
| 17:27 | Build | Farm |
| 17:38 | Build | House |
| 17:40 | Research | Castle Age |
| 17:40 | Research | Castle Age |
| 17:43 | Create | Archer |
| 17:43 | Create | Archer |
| 17:49 | Build | House |
| 17:51 | Build | Palisade Wall |
| 18:03 | Create | Spearman |
| 18:12 | Create | Archer |
| 18:19 | Build | Palisade Wall |
| 18:34 | Build | House |
| 18:38 | Create | Archer |
| 18:39 | Create | Archer |
| 18:52 | Create | Archer |
| 19:15 | Build | House |
| 19:24 | Create | Archer |
| 19:24 | Create | Archer |
| 20:20 | Age | Castle Age |
| 20:23 | Research | Bodkin Arrow |
| 20:23 | Research | Crossbowman (upgrade) |
| 20:24 | Create | Villager (Male) |
| 20:27 | Build | Monastery |
| 20:29 | Research | Bow Saw |
| 20:57 | Create | Villager (Male) |
| 21:06 | Build | Town Center |
| 21:10 | Create | Monk |
| 21:15 | Research | Fervor |
| 21:28 | Build | Town Center |
| 21:30 | Create | Villager (Male) |
| 21:35 | Build | House |
| 21:37 | Build | Lumber Camp |
| 21:38 | Create | Villager (Male) |
| 21:55 | Create | Archer |
| 21:59 | Create | Archer |
| 22:18 | Research | Wheelbarrow |
| 22:25 | Create | Archer |
| 22:26 | Create | Archer |
| 22:36 | Build | House |
| 22:42 | Create | Archer |
Build order — shy_Ri
135 actions detected in the replay
| 0:01 | Create | Villager (Male) |
| 0:03 | Build | House |
| 0:04 | Build | House |
| 0:08 | Create | Villager (Male) |
| 0:11 | Create | Villager (Male) |
| 0:45 | Create | Villager (Male) |
| 1:30 | Create | Villager (Male) |
| 1:30 | Create | Villager (Male) |
| 1:50 | Build | Lumber Camp |
| 2:05 | Create | Villager (Male) |
| 2:05 | Create | Villager (Male) |
| 2:18 | Create | Villager (Male) |
| 2:18 | Create | Villager (Male) |
| 2:46 | Create | Villager (Male) |
| 2:46 | Create | Villager (Male) |
| 3:19 | Create | Villager (Male) |
| 3:19 | Create | Villager (Male) |
| 3:37 | Create | Villager (Male) |
| 3:37 | Create | Villager (Male) |
| 3:56 | Build | Mill |
| 4:00 | Create | Villager (Male) |
| 4:27 | Create | Villager (Male) |
| 4:45 | Create | Villager (Male) |
| 5:07 | Create | Villager (Male) |
| 5:36 | Create | Villager (Male) |
| 5:57 | Research | Loom |
| 6:34 | Research | Feudal Age |
| 6:34 | Research | Feudal Age |
| 6:34 | Research | Feudal Age |
| 6:34 | Research | Feudal Age |
| 6:49 | Build | House |
| 7:21 | Build | Barracks |
| 8:44 | Build | Palisade Wall |
| 8:48 | Build | Palisade Wall |
| 8:51 | Age | Feudal Age |
| 8:56 | Create | Villager (Male) |
| 9:12 | Create | Villager (Male) |
| 9:14 | Build | Stable |
| 9:27 | Create | Villager (Male) |
| 9:51 | Build | Palisade Wall |
| 9:58 | Create | Villager (Male) |
| 10:00 | Research | Double-Bit Axe |
| 10:00 | Research | Double-Bit Axe |
| 10:18 | Create | Scout Cavalry |
| 10:30 | Create | Scout Cavalry |
| 10:44 | Create | Villager (Male) |
| 10:56 | Create | Scout Cavalry |
| 11:02 | Research | Horse Collar |
| 11:03 | Create | Villager (Male) |
| 11:05 | Build | Farm |
| 11:06 | Build | Farm |
| 11:22 | Build | House |
| 11:30 | Create | Villager (Male) |
| 11:31 | Build | Farm |
| 11:56 | Build | Farm |
| 12:01 | Create | Scout Cavalry |
| 12:09 | Build | House |
| 12:20 | Create | Villager (Male) |
| 12:33 | Create | Villager (Male) |
| 12:35 | Build | Archery Range |
| 12:43 | Create | Scout Cavalry |
| 12:55 | Create | Villager (Male) |
| 13:12 | Build | Mining Camp |
| 13:45 | Create | Villager (Male) |
| 13:49 | Create | Archer |
| 13:53 | Build | House |
| 14:04 | Create | Villager (Male) |
| 14:05 | Create | Scout Cavalry |
| 14:19 | Build | Farm |
| 14:35 | Create | Villager (Male) |
| 14:35 | Create | Villager (Male) |
| 14:38 | Build | Farm |
| 14:48 | Build | House |
| 14:53 | Create | Archer |
| 14:53 | Create | Villager (Male) |
| 14:55 | Create | Villager (Male) |
| 15:12 | Build | Farm |
| 15:21 | Create | Scout Cavalry |
| 15:31 | Create | Villager (Male) |
| 15:36 | Build | House |
| 15:41 | Create | Archer |
| 15:52 | Build | House |
| 15:55 | Create | Archer |
| 16:09 | Build | Mill |
| 16:13 | Build | House |
| 16:15 | Build | Palisade Wall |
| 16:24 | Create | Scout Cavalry |
| 16:30 | Create | Villager (Male) |
| 16:32 | Build | Farm |
| 16:36 | Create | Scout Cavalry |
| 16:59 | Create | Villager (Male) |
| 17:00 | Build | Farm |
| 17:03 | Build | House |
| 17:07 | Create | Archer |
| 17:11 | Create | Villager (Male) |
| 17:32 | Create | Archer |
| 17:34 | Create | Scout Cavalry |
| 17:56 | Create | Villager (Male) |
| 17:57 | Build | Farm |
| 17:58 | Build | Farm |
| 18:00 | Build | House |
| 18:06 | Build | Blacksmith |
| 18:25 | Create | Villager (Male) |
| 18:33 | Create | Scout Cavalry |
| 18:52 | Create | Archer |
| 18:53 | Create | Villager (Male) |
| 18:56 | Build | Farm |
| 18:56 | Build | Farm |
| 19:06 | Create | Archer |
| 19:10 | Research | Fletching |
| 19:11 | Research | Fletching |
| 19:23 | Create | Villager (Male) |
| 19:25 | Build | Farm |
| 19:26 | Create | Villager (Male) |
| 19:29 | Build | Mining Camp |
| 19:33 | Build | Farm |
| 19:36 | Create | Archer |
| 19:47 | Research | Bloodlines |
| 19:56 | Create | Villager (Male) |
| 20:02 | Create | Archer |
| 20:21 | Research | Scale Barding Armor |
| 20:21 | Create | Villager (Male) |
| 20:38 | Build | Watch Tower |
| 21:03 | Create | Villager (Male) |
| 21:08 | Build | Stone Wall |
| 21:18 | Build | Watch Tower |
| 21:33 | Create | Villager (Male) |
| 21:37 | Build | Watch Tower |
| 21:50 | Research | Wheelbarrow |
| 22:12 | Build | House |
| 22:14 | Build | House |
| 22:23 | Build | Outpost |
| 22:37 | Build | Watch Tower |
| 22:40 | Build | Stone Wall |
| 22:57 | Build | Gate |
Match timeline
| 4:35 | Dimo · first_building Barracks |
| 5:22 | Dimo · wall_segment Palisade Wall x1 |
| 6:20 | Dimo · wall_segment Palisade Wall x8 |
| 7:21 | shy_Ri · first_building Barracks |
| 7:41 | Dimo · wall_segment Palisade Wall x3 |
| 8:44 | shy_Ri · wall_segment Palisade Wall x1 |
| 8:48 | shy_Ri · wall_segment Palisade Wall x1 |
| 8:51 | shy_Ri · age_up feudal |
| 9:14 | shy_Ri · first_building Stable |
| 9:34 | Dimo · wall_segment Palisade Wall x14 |
| 9:46 | Dimo · wall_segment Palisade Wall x5 |
| 9:51 | shy_Ri · wall_segment Palisade Wall x1 |
| 10:49 | Dimo · wall_segment Palisade Wall x13 |
| 11:23 | Dimo · age_up feudal |
| 12:35 | shy_Ri · first_building Archery Range |
| 13:35 | Dimo · wall_segment Palisade Wall x1 |
| 13:53 | Dimo · first_building Archery Range |
| 14:17 | Dimo · wall_segment Palisade Wall x1 |
| 14:18 | Dimo · wall_segment Palisade Wall x1 |
| 14:26 | Dimo · wall_segment Palisade Wall x1 |
| 16:15 | shy_Ri · wall_segment Palisade Wall x1 |
| 17:51 | Dimo · wall_segment Palisade Wall x1 |
| 18:19 | Dimo · wall_segment Palisade Wall x1 |
| 20:20 | Dimo · age_up castle |
| 20:27 | Dimo · first_building Monastery |
| 21:08 | shy_Ri · wall_segment Stone Wall x13 |
| 22:40 | shy_Ri · wall_segment Stone Wall x7 |
| 23:20 | shy_Ri · resign |
[ AI ANALYSIS · 1 CREDIT ]
What really happened in this match?
Wolo.gg analyzes every decision: build order, eco, micro, common mistakes by bracket. Personalized analysis on WhatsApp or Discord in 30 seconds.
Civ guide
Bohemians
Perfil
Dimo (Dimo)